 Dungeon Crawl Stone Soup version 0.22.0-13-g43fe8f2 (webtiles) character file.

179 HallandMoats the Skirmisher (level 5, -16/44 HPs)
             Began as a Mummy Fighter on Aug 16, 2018.
             Was an Initiate of Qazlal.
             Demolished by an orc priest
             ... wielding a +2 falchion of electrocution
              (19 damage)
             ... on level 3 of the Dungeon.
             The game lasted 00:04:21 (3517 turns).

HallandMoats the Skirmisher (Mummy Fighter)         Turns: 3517, Time: 00:04:22

Health: -16/44     AC:  9    Str: 20    XL:     5   Next: 32%
Magic:  5/5        EV:  9    Int:  8    God:    Qazlal [......]
Gold:   144        SH:  0    Dex: 11    Spells: 4/4 levels left

rFire    x . .     SeeInvis .   a - +0 flail
rCold    + . .     Gourm    .   (no shield)
rNeg     + + +     Faith    .   b - +0 scale mail
rPois    ∞         Spirit   .   i - +2 helmet
rElec    .         Reflect  .   (no cloak)
rCorr    .         Harm     .   (no gloves)
MR       .....                  (no boots)
Stlth    ..........             (no amulet)
HPRegen  0.14/turn              (no ring)
MPRegen  0.09/turn              (no ring)

@: no status effects
A: no food or potions, fire vulnerability, cold resistance 1, negative energy
resistance 3, torment resistance, unbreathing
a: Renounce Religion


You were on level 3 of the Dungeon.
You worshipped Qazlal.
Qazlal was noncommittal.
You were not hungry.

You visited 1 branch of the dungeon, and saw 3 of its levels.

You collected 144 gold pieces.

Inventory:

Hand Weapons
 a - a +0 flail (weapon)
Armour
 b - a +0 scale mail (worn)
 c - a +0 shield
 i - a +2 helmet (worn)
Scrolls
 d - 3 scrolls of enchant armour {unknown}
 e - 3 scrolls of teleportation {unknown}
 f - a scroll of amnesia {unknown}
 g - a scroll of enchant weapon {unknown}
 h - a scroll of remove curse {unknown}


   Skills:
 * Level 5.1 Fighting
 + Level 2.7 Maces & Flails
 - Level 2.4 Armour
 - Level 2.4 Shields
 * Level 1.1 Invocations


You had 4 spell levels left.
You didn't know any spells.
Your spell library was empty.

Dungeon Overview and Level Annotations

Branches:
Dungeon (3/15)

Altars:
Hepliaklqana
Makhleb
Qazlal
Ru


Innate Abilities, Weirdness & Mutations

You do not eat or drink.
Your flesh is vulnerable to fire.
You are immune to poison.
Your flesh is cold resistant. (rC+)
You are immune to negative energy. (rN+++)
You are immune to unholy pain and torment.
You can survive without breathing.


Message History

The orc priest mumbles some strange prayers to Beogh against you.
Beogh smites you!
You sock the orc priest!
The orc priest is heavily wounded.
The orc priest barely misses you.
You barely miss the orc priest.
The orc priest is heavily wounded.
The orc priest hits you but does no damage.
You are electrocuted!
You hit the orc priest but do no damage.
The orc priest is heavily wounded.
The orc priest hits you with a falchion of electrocution.
* * * LOW HITPOINT WARNING * * *
You are electrocuted!
* * * LOW HITPOINT WARNING * * *
Your scale mail prevents you from hitting the orc priest.
The orc priest is heavily wounded.
The orc priest hits you but does no damage.
You are electrocuted!
You die...

####..>..###.......# #.## # #....
.........# #.......#..... #.#.##.
####.....###...........# ##.#.#..
................###....#........_
#####.....oo....# #....#..#.#.#..
#.[...o.....###....#..# #.##(
#.....................# #†...
.............##o........#.####.
#.##..........#@.........#......
# ....##########.........######.
###### #.........†......
##....##........#
#....##......(## #....###.#.#####
#....# #........ #....# ###.#####
###### #)#....


You could see an orc priest.

Vanquished Creatures
  Natasha (thrice) (D:2)
  Robin (D:2)
  2 adders (D:3)
  2 leopard geckos
  5 orcs
  4 giant cockroaches
  10 goblins
  7 hobgoblins
  3 jackals (D:1)
  2 quokkas (D:2)
  11 bats
  2 frilled lizards
  11 kobolds
  5 rats
68 creatures vanquished.

Notes
Turn   | Place    | Note
-------+----------+-------------------------------------------
     0 | D:1      | HallandMoats the Mummy Fighter began the quest for the Orb.
     0 | D:1      | Reached XP level 1. HP: 18/18 MP: 1/1
   138 | D:1      | Reached XP level 2. HP: 11/24 MP: 2/2
   748 | D:1      | Reached XP level 3. HP: 29/30 MP: 3/3
   941 | D:1      | Reached skill level 4 in Fighting
  1114 | D:2      | Noticed Natasha
  1126 | D:2      | Killed Natasha
  1296 | D:2      | Noticed Natasha
  1429 | D:2      | Killed Natasha
  1429 | D:2      | Reached XP level 4. HP: 12/38 MP: 4/4
  1755 | D:2      | Found a burning altar of Makhleb.
  1755 | D:2      | Found a stormy altar of Qazlal.
  1755 | D:2      | Noticed Natasha
  1756 | D:2      | Found a hazy altar of Hepliaklqana.
  1763 | D:2      | Killed Natasha
  1794 | D:2      | Became a worshipper of Qazlal Stormbringer
  2237 | D:2      | Noticed Robin
  2309 | D:2      | Killed Robin
  2531 | D:2      | Reached XP level 5. HP: 41/43 MP: 5/5
  2788 | D:3      | Reached skill level 5 in Fighting
  2920 | D:3      | Found a sacrificial altar of Ru.
  3124 | D:3      | Reached skill level 1 in Invocations
  3517 | D:3      | Demolished by an orc priest

Skill      XL: |  1  2  3  4  5 |
---------------+----------------+-----
Maces & Flails | 2 |  2.7
Fighting       | 4 5 |  5.1
Invocations    | 1 |  1.1
Armour         | |  2.4
Shields        | |  2.4

Action                   |  1- 3 |  4- 6 || total
-------------------------+-------+-------++-------
Melee: Flail             |   109 |   107 ||   216
Armor: Scale mail        |   107 |    52 ||   159
Dodge: Dodged            |    98 |    57 ||   155
